 Dungeon Crawl Stone Soup version 0.17-a0-1763-g847a857 (webtiles) character file.

30 Rationalist the Covered (level 3, -1/26 HPs)
             Began as a Formicid Fighter on Sept 5, 2015.
             Slain by Natasha (9 damage)
             ... on level 2 of the Dungeon.
             The game lasted 00:01:33 (1068 turns).

Rationalist the Covered (Formicid Fighter)          Turns: 1068, Time: 00:01:33

Health: -1/26      AC:  1    Str: 20    XL:     3   Next: 37%
Magic:  3/3        EV:  9    Int:  7    God:
Gold:   42         SH:  9    Dex: 13    Spells: 0 memorised, 2 levels left

rFire  + . .     SeeInvis +     a - +0 war axe
rCold  + . .     Clarity  .     k - +0 robe {rC+ rF+}
rNeg   . . .     SustAt   .     c - +0 shield
rPois  .         Gourm    .     (helmet unavailable)
rElec  .         Spirit   .     g - -2 cloak (curse)
rCorr  .         Warding  .     (no gloves)
rMut   .         Stasis   +     (no boots)
MR     .....                    (no amulet)
Stlth  +.........               (no ring)
                                (no ring)

@: not resistant to hostile enchantments, very unstealthy
A: permanent stasis, dig shafts and tunnels, four strong arms, antennae 3, agile
1, frail 1, no device heal 1
a: Dig, Shaft Self


You were on level 2 of the Dungeon.
You were hungry.

You visited 1 branch of the dungeon, and saw 2 of its levels.

You collected 42 gold pieces.

Inventory:

Hand weapons
 a - a +0 war axe (weapon)
Missiles
 l - 19 bolts
Armour
 c - a +0 shield (worn)
 g - a cursed -2 cloak (worn)
 k - a +0 robe of resistance (worn)
Scrolls
 i - a scroll of teleportation {unknown}
Potions
 d - 2 potions of might
Comestibles
 b - a beef jerky
 e - 3 bread rations
 f - a meat ration


   Skills:
 + Level 3.5 Fighting
 + Level 2.0 Axes
 + Level 4.1 Armour
 + Level 0.1 Dodging
 + Level 4.0 Shields


You had 2 spell levels left.
You didn't know any spells.

Dungeon Overview and Level Annotations

Branches:
Dungeon (2/15)

Altars:

Annotations:
D:2 Natasha


Innate Abilities, Weirdness & Mutations

You are under a permanent stasis effect.
You can dig through walls and to a lower floor.
Your four strong arms can wield two-handed weapons with a shield.
You have a pair of large antennae on your head (SInv).
You are agile. (Dex +2)
You are frail (-10% HP).
Potions and wands are less effective at restoring your health.


Message History

You kill the hobgoblin!
Things that are here:
a club; a hobgoblin corpse You hit the goblin.
You kill the goblin!
Your shield prevents you from hitting Natasha.
Natasha stares at you and mumbles some strange words.
You resist with some effort. You block Natasha's attack.
You barely miss Natasha.
Natasha stares at you and mumbles some strange words.
The magic dart hits you!
You barely miss Natasha. Natasha barely misses you. Natasha claws you!
You miss Natasha. Natasha claws you.
You miss Natasha. Natasha claws you.
Natasha howls an incantation.
Natasha glows brightly for a moment.
You block Natasha's attack.
You completely miss Natasha. You block Natasha's attack.
You completely miss Natasha. Natasha claws you!
You die...

#..........#
#..........#
#..........#
#..........#
#..........#
{#..........#
...#..........#
.........h@...#
..........)...# .
..............#...
......#####........
#...................
#.....#...###.......
###+#.....#...#
......# ......>..
#...# .(....#
.......####...#
..)...#


You could see Natasha.

Vanquished Creatures
  An adder (D:2)
  5 goblins
  4 hobgoblins
  A ball python (D:1)
  3 bats
  2 giant newts (D:1)
  2 kobolds (D:1)
  3 rats (D:1)
21 creatures vanquished.

Notes
Turn   | Place    | Note
--------------------------------------------------------------
     0 | D:1      | Rationalist the Formicid Fighter began the quest for the Orb.
     0 | D:1      | Reached XP level 1. HP: 18/18 MP: 1/1
   189 | D:1      | Reached XP level 2. HP: 24/24 MP: 2/2
   597 | D:1      | Reached skill level 4 in Shields
   697 | D:2      | Gained mutation: Potions and wands are less effective at restoring your health. [potion of mutation]
   697 | D:2      | Gained mutation: You are frail (-10% HP). [potion of mutation]
   697 | D:2      | Gained mutation: You are agile. (Dex +2) [potion of mutation]
   699 | D:2      | HP: 1/21 [poisoned by an adder]
   703 | D:2      | Reached XP level 3. HP: 4/26 MP: 3/3
  1058 | D:2      | Noticed Natasha
  1068 | D:2      | Slain by Natasha

Vault maps used:
D:1:      lightli_arrival_boilingwater, st_stairs_8, hangedman_decor_opposing
D:2:      nicolae_ru_sacrificial_ziggurat, xom_teletrap_fun, first_bread,
          grunt_decor_fettered, kennysheep_generic_room_7, uniq_terence,
          uniq_natasha, uniq_iyjb

Action                   || total
-------------------------++-------
Melee: War axe           ||    66
  Use: Potion            ||     4
